[Event "Late-Titled-Tuesday-Blitz-April-16-2024"]
[Site "Chess.com"]
[Date "2024.04.16"]
[Round "11"]
[White "ekurtz"]
[Black "zverr1"]
[Result "0-1"]
[WhiteElo "2608"]
[BlackElo "2521"]
[TimeControl "180+1"]
[EndTime "16:05:38 PDT"]
[Termination "zverr1 won by resignation"]

1. Nf3 g6 2. g3 Bg7 3. c4 Nf6 4. Nc3 d5 5. cxd5 Nxd5 6. Bg2 c6 7. O-O O-O 8. Qc2 a5 9. d3 Bg4 10. Bd2 Na6 11. a3 Nxc3 12. bxc3 Nc5 13. a4 Ra6 14. Rab1 Rb6 15. Rxb6 Qxb6 16. Rb1 Qc7 17. Be3 Bxf3 18.
Bxf3 Ne6 19. Qb3 Rb8 20. Ba7 Ra8 21. Qxb7 Rxa7 22. Qxc7 Rxc7 23. d4 c5 24. e3 cxd4 25. cxd4 h6 26. Rb5 Ra7 27. h4 Nc7 28. Rb8+ Kh7 29. Be2 e6 30. Kg2 Nd5 31. Rc8 Nb6 32. Rb8 Nxa4 33. Rb3 Bf8 34. Bb5 Nb6 35. h5 Nd5 36.
hxg6+ fxg6 37. Ba4 Bb4 38. Rb2 Nc3 39. Bb3 Nd5 40. e4 Nc7 41. Rc2 Kg7 42. Rc6 Nb5 43. Rc4 Na3 44. Rc8 a4 45. Bxe6 Nb5 46. Rc4 Be7 47. Rc1 a3 48. Ba2 Nxd4 49. Rd1 Nc2 50. e5 Nb4 51. Bb3 a2 52. Ra1 Bc5 53. Bxa2 Rxa2 54.
Rc1 Bd4 55. Rc4 Rxf2+ 56. Kh3 Bxe5 57. Rxb4 Rf3 58. Rg4 Rxg3+ 59. Rxg3 Bxg3 60. Kxg3 Kf6 61. Kh3 Kg5 62. Kg3 h5 63. Kh3 h4 64. Kg2 Kh5 65. Kh3 g5 66. Kg2 g4 67. Kh2 Kg5 68.
Kg2 Kf4 69. Kh2 g3+ 70. Kg2 Kg4 71. Kh1 h3 72. Kg1 Kf3 73. Kh1 g2+ 74. Kg1 h2+ 75.
Kxh2 Kf2 76. Kh3 g1=Q 77. Kh4 Qg6 0-1

[Event "Late-Titled-Tuesday-Blitz-April-16-2024"]
[Site "Chess.com"]
[Date "2024.04.16"]
[Round "11"]
[White "Karttunen"]
[Black "Leebit02"]
[Result "1-0"]
[WhiteElo "2692"]
[BlackElo "2567"]
[TimeControl "180+1"]
[EndTime "16:05:39 PDT"]
[Termination "Karttunen won on time"]

1. e4 c5 2. Nf3 e6 3. d4 cxd4 4. Nxd4 Nc6 5. Nc3 a6 6. Nxc6 bxc6 7. Bd3 d5 8. O-O Qc7 9. Qe2 Bb7 10. b3 Bd6 11.
Kh1 Ne7 12. Bb2 O-O 13. Qg4 d4 14. Ne2 c5 15. f4 f5 16. exf5 exf5 17. Qg5 Nd5 18.
Rf3 h6 19. Qh4 Rae8 20. Rg1 Ne3 21. Rg3 Ng4 22. Rxg4 fxg4 23. Qxg4 Rf6 24. f5 Be5 25.
Ng3 Bxg3 26. hxg3 Re3 27. Kh2 h5 28. Qh4 Qe5 29. Bc1 Rxd3 30. cxd3 Qxf5 31. Bg5 Rg6 32. Bf4 Kh7 33. Re1 Rg4 34. Qe7 Bd5 35. Qxc5 h4 36.
Re5 hxg3+ 37. Bxg3 Qg6 38. Qxd5 Rxg3 39. Rh5+ 1-0

[Event "Late-Titled-Tuesday-Blitz-April-16-2024"]
[Site "Chess.com"]
[Date "2024.04.16"]
[Round "11"]
[White "kripri"]
[Black "AlphaGoosee"]
[Result "0-1"]
[WhiteElo "2396"]
[BlackElo "2569"]
[TimeControl "180+1"]
[EndTime "16:05:41 PDT"]
[Termination "AlphaGoosee won by checkmate"]

1. e4 c5 2. Nf3 d6 3. d4 cxd4 4. Nxd4 Nf6 5. Nc3 a6 6. Be3 e5 7. Nf3 Be7 8. Bc4 O-O 9. O-O Nc6 10. h3 Be6 11. Bb3 Rc8 12. Qe2 Na5 13. Rad1 Nc4 14. Bc1 b5 15. Ng5 Bd7 16. a4 h6 17.
Nf3 Qb6 18. axb5 axb5 19. Bxc4 Rxc4 20. Nd2 Rc7 21. Nb3 Rfc8 22. Be3 Qb7 23. Na5 Qb8 24. Rd2 b4 25. Nd5 Nxd5 26. Rxd5 Rxc2 27. Qa6 Be6 28. Rb5 Qa8 29. Qxa8 Rxa8 30. Bb6 Rxb2 31. Nc6 Bf8 32. Rxb4 Rxb4 33. Nxb4 Rb8 34. Ba5 Rb5 35. Ra1 g6 36.
Nc6 Kg7 37. Bd2 Bd7 38. Na5 Rb2 39. Be3 Be6 40. Rd1 Ra2 41. Nc6 Ra4 42. f3 f5 43.
exf5 gxf5 44. Kf2 f4 45. Bc1 Kf6 46. Nd8 Bg8 47. Nb7 Ra2+ 48. Rd2 Rxd2+ 49. Bxd2 Bd5 50.
Na5 Ke6 51. Ke2 e4 52. Bxf4 exf3+ 53. gxf3 Kd7 54. Bd2 Kc7 55. Ke3 Kb6 56. f4 Bg7 57. f5 Bf6 58. Kf4 Bg5+ 59. Kg4 Bxd2 60. f6 Bxa5 61. Kf5 Bc3 62. Kg6 Be5 63. f7 Bxf7+ 64.
Kxf7 d5 65. Kg6 d4 66. Kxh6 d3 67. h4 d2 68. h5 d1=Q 69. Kh7 Qxh5+ 70. Kg8 Qg6+ 71.
Kf8 Bd6# 0-1

[Event "Late-Titled-Tuesday-Blitz-April-16-2024"]
[Site "Chess.com"]
[Date "2024.04.16"]
[Round "11"]
[White "Eloist"]
[Black "Kostukov_Alex"]
[Result "1-0"]
[WhiteElo "2461"]
[BlackElo "2330"]
[TimeControl "180+1"]
[EndTime "16:05:42 PDT"]
[Termination "Eloist won by resignation"]

1. e4 c5 2. Nf3 g6 3. c3 Bg7 4. d4 cxd4 5. cxd4 d5 6. e5 Nc6 7. Bb5 Bg4 8. Bxc6+ bxc6 9. Nbd2 Nh6 10. h3 Bxf3 11. Nxf3 O-O 12. O-O Nf5 13. g4 Nh6 14.
Be3 f6 15. e6 Qd6 16. Qd2 g5 17. Rfe1 Kh8 18. Nh2 Ng8 19. Rac1 Qxe6 20. Bxg5 Qd7 21.
Bf4 Rae8 22. Qc3 e5 23. dxe5 fxe5 24. Bxe5 Rxe5 25. Rxe5 Qf7 26. Qg3 Ne7 27. Re3 Bxb2 28. Rce1 Ng6 29. Nf3 Bg7 30. Ng5 Qf6 31. Ne6 Rf7 32.
f4 Nxf4 33. Nxf4 Qxf4 34. Re8+ Bf8 35. Qxf4 Rxf4 36. Rf1 Rxf1+ 37. Kxf1 Kg7 38. Rc8 c5 39. Rc7+ Kg6 40. Rxa7 c4 41. Rd7 1-0

[Event "Late-Titled-Tuesday-Blitz-April-16-2024"]
[Site "Chess.com"]
[Date "2024.04.16"]
[Round "11"]
[White "manitodeplomo"]
[Black "Byniolus"]
[Result "1/2-1/2"]
[WhiteElo "2646"]
[BlackElo "2820"]
[TimeControl "180+1"]
[EndTime "16:05:49 PDT"]
[Termination "Game drawn by repetition"]

1. d4 c5 2. d5 e6 3. c4 exd5 4. cxd5 d6 5. Nc3 g6 6. e4 Bg7 7. h3 Ne7 8. Nf3 a6 9. a4 O-O 10. Bd3 Nd7 11. O-O h6 12. Bf4 Qc7 13. Qd2 g5 14.
Bh2 f5 15. e5 f4 16. e6 Nf6 17. Bc4 b6 18. Rae1 Bb7 19. g3 g4 20.
hxg4 Nxg4 21. gxf4 Nf5 22. Kh1 Kh8 23. Rg1 Nxh2 24.
Kxh2 Nd4 25. Nh4 Rf5 26. Qd3 Rh5 27. Kg3 b5 28. Ng6+ Kg8 29. axb5 axb5 30. Nxb5 Nxb5 31. Bxb5 Bxd5 32. e7 Bf7 33. e8=Q+ Bxe8 34. Rxe8+ Rxe8 35. Bxe8 Qc8 36. f5 Qxe8 37. Qc4+ Qf7 38. Ne7+ Kf8 39. Ng6+ Kg8 40. Ne7+ Kf8 41. Ng6+ Kg8 1/2-1/2

[Event "Late-Titled-Tuesday-Blitz-April-16-2024"]
[Site "Chess.com"]
[Date "2024.04.16"]
[Round "11"]
[White "GothamChess"]
[Black "ChessBrainiacOnTwitch"]
[Result "1-0"]
[WhiteElo "2713"]
[BlackElo "2816"]
[TimeControl "180+1"]
[EndTime "16:05:50 PDT"]
[Termination "GothamChess won by resignation"]

1. e4 c5 2. Nc3 d6 3. d4 cxd4 4. Qxd4 Nc6 5. Qd2 g6 6. b3 Bh6 7.
f4 Nf6 8. Bb2 O-O 9. O-O-O e5 10.
g3 Bg4 11. Nge2 Nd4 12. Kb1 Rc8 13. Nxd4 Bxd1 14. Qxd1 exd4 15. Qxd4 Bg7 16. Bc4 a6 17. a4 Re8 18. Nd5 Nh5 19. Qd3 Bxb2 20. Kxb2 Nf6 21.
Qd4 Nxd5 22. Bxd5 b5 23. h4 Qc7 24. Rh2 bxa4 25. bxa4 Rb8+ 26. Bb3 Qc5 27. Rd2 Qb4 28. Qf6 Rb7 29. Rxd6 Qxe4 30. Rxa6 Reb8 31. a5 Qe2 32. Rb6 Qe8 33. h5 Rxb6 34. axb6 gxh5 35. Qg5+ Kf8 36. Qh6+ Ke7 37. f5 Qd7 38. Qg5+ Kf8 39.
Qf6 Ke8 40. Qh8+ Ke7 41. f6+ Kd6 42. Qxb8+ Kc6 43. Ba4+ 1-0

[Event "Late-Titled-Tuesday-Blitz-April-16-2024"]
[Site "Chess.com"]
[Date "2024.04.16"]
[Round "11"]
[White "Anton_Demchenko"]
[Black "AlexeiShirov"]
[Result "1-0"]
[WhiteElo "2967"]
[BlackElo "2827"]
[TimeControl "180+1"]
[EndTime "16:05:53 PDT"]
[Termination "Anton_Demchenko won by resignation"]

1. e4 e5 2. Nf3 Nc6 3. Bc4 Nf6 4. d3 Bc5 5. Bg5 h6 6. Bh4 Be7 7. Bg3 d6 8. a4 O-O 9. h3 g6 10. a5 Nh5 11. a6 Nxg3 12. axb7 Bxb7 13. fxg3 Kg7 14.
Nc3 Nd4 15. O-O Bg5 16. Kh2 Nxf3+ 17. Qxf3 f5 18. Bd5 c6 19. Bb3 f4 20. Kh1 fxg3 21.
Qxg3 Bf4 22. Qf2 Qg5 23. Rxa7 Rxa7 24. Qxa7 Qg3 25. Qxb7+ Kh8 26. Rxf4 Qe1+ 27. Kh2 exf4 28. Ne2 Qxe2 29. Qe7 Ra8 30. Qf6+ Kh7 31. Qf7+ Kh8 32. Qxg6 d5 33. Qxh6+ Kg8 34. Qxc6 f3 35. Bxd5+ Kg7 36.
Qd7+ Kh8 37. Qg4 Rf8 38. Qh5+ Kg7 39. Qg5+ Kh7 40. Qh5+ Kg7 41. Qg4+ Kh8 42. Be6 Qe3 43. Bf5 f2 44. Qh5+ Kg7 45. Qg6+ 1-0

[Event "Late-Titled-Tuesday-Blitz-April-16-2024"]
[Site "Chess.com"]
[Date "2024.04.16"]
[Round "11"]
[White "Oleksandr_Bortnyk"]
[Black "Guriempire"]
[Result "1-0"]
[WhiteElo "3055"]
[BlackElo "2854"]
[TimeControl "180+1"]
[EndTime "16:05:54 PDT"]
[Termination "Oleksandr_Bortnyk won by checkmate"]

1. e4 e5 2. Bc4 Nc6 3. d3 Nf6 4. Nc3 Bc5 5. Bg5 h6 6. Bh4 Be7 7. Bg3 d6 8. h3 Na5 9. Bb3 Nxb3 10. axb3 O-O 11. Nf3 c5 12. O-O Be6 13. Nd2 g6 14.
Nc4 Nh5 15. Bh2 Qd7 16. Ne3 Bg5 17. Ncd5 Kg7 18. f4 exf4 19. Nxf4 Nxf4 20. Bxf4 Bxf4 21. Rxf4 d5 22. exd5 Bxd5 23. Qd2 Be6 24. Qc3+ Kh7 25. Qxc5 f5 26. Rxa7 Rxa7 27. Qxa7 g5 28. Rb4 Rf7 29. Rd4 Qc7 30. Nc4 f4 31. Qb6 Qe7 32. Re4 Rf6 33.
Qd6 Qf7 34. Ne5 Qg7 35. Qd8 Bf5 36. Ng4 Rf8 37. Re8 Rxe8 38. Nf6+ Kg6 39. Nxe8 Qxb2 40. Qb6+ Kh7 41. Qxb7+ Kg6 42. Qb6+ Kh7 43. Qf6 Qc1+ 44. Kh2 f3 45. Qg7# 1-0

[Event "Late-Titled-Tuesday-Blitz-April-16-2024"]
[Site "Chess.com"]
[Date "2024.04.16"]
[Round "11"]
[White "JoakimVonAnd"]
[Black "vova-79"]
[Result "1-0"]
[WhiteElo "2686"]
[BlackElo "2536"]
[TimeControl "180+1"]
[EndTime "16:05:54 PDT"]
[Termination "JoakimVonAnd won on time"]

1. d4 d5 2. Nf3 Nf6 3. e3 c6 4. b3 Bg4 5. Bb2 e6 6. Bd3 Nbd7 7. Nbd2 Bd6 8. c4 Qe7 9. Qc2 Ba3 10. Bc3 Bb4 11.
O-O O-O 12. Bxb4 Qxb4 13. a3 Qe7 14. b4 dxc4 15. Nxc4 Bxf3 16. gxf3 e5 17. dxe5 Nxe5 18. Be2 Nxc4 19. Qxc4 Rad8 20. Rad1 Rxd1 21. Rxd1 Rd8 22. Rd4 Rxd4 23. Qxd4 b6 24. Bc4 Nd7 25. f4 Nf6 26. f3 g6 27. Kf2 Nd7 28. Ke2 c5 29. Qd5 cxb4 30. axb4 Nf8 31. f5 gxf5 32. Qxf5 Ne6 33.
Qg4+ Kf8 34. b5 Qb4 35. Bxe6 Qb2+ 36. Kf1 fxe6 37. Qh5 Kg7 38. Qg5+ Kf7 39. h4 Qd2 40. h5 Qd1+ 41. Kf2 Qd2+ 42. Kg3 Qe1+ 43. Kf4 Qb4+ 44.
Kg3 Qe1+ 45. Kh3 Qf1+ 46. Kg4 Qg1+ 47. Kf4 Qh2+ 48. Ke4 Qc2+ 49. Kd4 1-0

[Event "Late-Titled-Tuesday-Blitz-April-16-2024"]
[Site "Chess.com"]
[Date "2024.04.16"]
[Round "11"]
[White "PhileKhoob"]
[Black "Nemsko"]
[Result "0-1"]
[WhiteElo "2305"]
[BlackElo "2429"]
[TimeControl "180+1"]
[EndTime "16:05:57 PDT"]
[Termination "Nemsko won on time"]

1. Nf3 Nf6 2. g3 d5 3. Bg2 e6 4.
O-O Bd6 5. d4 O-O 6. c4 c6 7. b3 Qe7 8. Bb2 Ne4 9. Nc3 f5 10.
Ne5 Nd7 11. Nd3 Ndf6 12. f3 Nxc3 13. Bxc3 Bd7 14. Nf2 e5 15. dxe5 Bxe5 16. Bxe5 Qxe5 17. cxd5 Nxd5 18. e4 fxe4 19. Nxe4 Rad8 20. Qe1 Bf5 21. Qa5 Qd4+ 22. Kh1 Ne3 23. Rfe1 Nc2 24. Rac1 Nxe1 25. Rxe1 Bxe4 26. fxe4 Rf2 27. Rg1 Re8 28.
Qh5 Re5 29. Qg4 Re8 30. h4 h6 31. Qg6 Ref8 32. h5 Qe5 33. Bh3 R8f6 34. Qg4 Rxa2 35. Rd1 Rf8 36. Rg1 Qb2 37. Qe6+ Kh8 38. Bg2 Qf6 39. Qd7 Qg5 40. Qh3 Ra5 41. g4 Qe5 0-1

[Event "Late-Titled-Tuesday-Blitz-April-16-2024"]
[Site "Chess.com"]
[Date "2024.04.16"]
[Round "11"]
[White "ozates"]
[Black "IMRosen"]
[Result "0-1"]
[WhiteElo "2543"]
[BlackElo "2712"]
[TimeControl "180+1"]
[EndTime "16:06:00 PDT"]
[Termination "IMRosen won by resignation"]

1. e4 e5 2. Nf3 Nf6 3. d4 Nxe4 4.
Bd3 Nc6 5. O-O d5 6. Nxe5 Nxe5 7. dxe5 Be7 8. Nc3 Nxc3 9. bxc3 O-O 10. Qh5 g6 11.
Qh6 Re8 12. Rb1 Bf8 13. Qf4 Bg7 14. Re1 f6 15. e6 Rb8 16. c4 Bxe6 17. Bb2 dxc4 18.
Bxc4 Bxc4 19. Qxc4+ Kh8 20. Rxe8+ Qxe8 21. Qxc7 Rc8 22.
Qxb7 Rb8 23. Qa6 Rb6 24. Qf1 Qb8 25. Qe1 h6 26. Qc3 Kh7 27. h4 h5 28. a4 Rb7 29. a5 f5 30. Qe3 Rxb2 31. Rxb2 Bxb2 32. c4 Be5 33. g3 Qb1+ 34. Kh2 Qb8 35. Qc5 Qc7 36.
Qd5 Bd6 37. a6 Bc5 38. Kg2 Bb6 39. Qe6 Kg7 40. Qd5 Qe7 41. Qf3 Qe4 42. Qxe4 fxe4 43. f3 e3 44. Kf1 Kf6 45. Ke2 Ke5 46. g4 Kf4 47. g5 Bc5 0-1

[Event "Late-Titled-Tuesday-Blitz-April-16-2024"]
[Site "Chess.com"]
[Date "2024.04.16"]
[Round "11"]
[White "ArchibaldCerveza29"]
[Black "Licancabur"]
[Result "0-1"]
[WhiteElo "2377"]
[BlackElo "2460"]
[TimeControl "180+1"]
[EndTime "16:06:01 PDT"]
[Termination "Licancabur won on time"]

1. e4 Nf6 2. e5 Nd5 3. Nc3 Nxc3 4. bxc3 d6 5. exd6 cxd6 6. d4 g6 7. Nf3 Bg7 8. Rb1 O-O 9. Be2 e5 10. O-O Nc6 11. Re1 Qc7 12. a4 h6 13. Ba3 Re8 14. h3 Bf5 15. Bf1 Rad8 16. Bb5 a6 17. Bc4 Na5 18. Bd5 Nc6 19. Qd2 g5 20. Ba2 Na5 21. Bd5 Nc4 22. Bxc4 Qxc4 23. Rxb7 Qxa4 24. Bb2 Qxc2 25. Qxc2 Bxc2 26. Ra1 Bd3 27. Ba3 Bb5 28. Rc7 Bf6 29. c4 Bd7 30. Bxd6 exd4 31. Rxa6 d3 32.
c5 Bf5 33. Ra2 Ra8 34. Rxa8 Rxa8 35. Kh2 Be4 36. Nd2 Bd5 37. Rd7 Be6 38. Rb7 Ra2 39.
Rb8+ Kh7 40. Ne4 Bd4 41. c6 d2 42. Nxd2 Rxd2 43. c7 Rc2 44. Re8 Bf6 45. Kg3 Kg6 0-1

[Event "Late-Titled-Tuesday-Blitz-April-16-2024"]
[Site "Chess.com"]
[Date "2024.04.16"]
[Round "11"]
[White "Tolyanius"]
[Black "ATM622"]
[Result "0-1"]
[WhiteElo "2633"]
[BlackElo "2488"]
[TimeControl "180+1"]
[EndTime "16:06:02 PDT"]
[Termination "ATM622 won by resignation"]

1. e4 c6 2. c4 g6 3. Nc3 Bg7 4. d4 d6 5. Be3 Nd7 6. Qd2 Ngf6 7. f3 Rb8 8. h4 h5 9. Nh3 a6 10. Ng5 b5 11. a3 e5 12. dxe5 Nxe5 13. c5 d5 14.
exd5 Nxd5 15. Nxd5 cxd5 16. Rd1 Bb7 17. Bd4 O-O 18. Be2 Nc4 19. Qc3 Bxd4 20. Qxd4 Qe7 21. Kf2 f6 22. Nh3 Qe5 23. Rhe1 Nxb2 24. Rd2 Nc4 25.
Bxc4 Qxd4+ 26. Rxd4 dxc4 27. Re7 Rf7 28. Rxf7 Kxf7 29. Rd7+ Ke6 30. Rd6+ Ke7 31. Nf4 Rc8 32. Nxg6+ Ke8 33. Rxf6 Rxc5 34. Rf8+ Kd7 35. Rf7+ Kc8 36. Ne7+ Kb8 37. Nf5 c3 38. Nd4 c2 39. Nxc2 Rxc2+ 40. Kg3 Rc5 41. Kf4 a5 42. g4 hxg4 43. fxg4 Rc4+ 44.
Kg5 Bc8 45. Rf4 Rxf4 46. Kxf4 b4 47. axb4 a4 48. h5 a3 49. h6 a2 50. h7 a1=Q 51.
g5 Qd4+ 52. Kf3 Bf5 0-1

[Event "Late-Titled-Tuesday-Blitz-April-16-2024"]
[Site "Chess.com"]
[Date "2024.04.16"]
[Round "11"]
[White "Misterfox120"]
[Black "Mikhal867"]
[Result "0-1"]
[WhiteElo "2409"]
[BlackElo "2551"]
[TimeControl "180+1"]
[EndTime "16:06:04 PDT"]
[Termination "Mikhal867 won on time"]

1. d4 Nf6 2. Nc3 g6 3. e4 d6 4. Bf4 Bg7 5. Qd2 Nc6 6. O-O-O Bd7 7. Be2 h5 8. h3 h4 9. Nf3 a6 10. e5 Nh5 11. Bh2 Bh6 12. Ng5 f6 13. f4 fxg5 14.
fxg5 Bg7 15. e6 Bxe6 16. d5 Bf7 17. dxc6 bxc6 18. Rhf1 Ng3 19. Bxg3 hxg3 20. Qf4 O-O 21. Qxg3 Rb8 22. h4 Rb4 23. h5 Qb8 24. b3 gxh5 25. g6 Be6 26. Qg5 Qb6 27. Qxh5 Qe3+ 28. Kb1 Qh6 29. Rxf8+ Bxf8 30. Qf3 Qf4 31. Qd3 Bg7 32. Rh1 Qd4 33. Qxd4 Rxd4 34. Nd1 Rd2 35. Bf3 Bf5 36. Ne3 Bxg6 37. Re1 Bh6 38. Kc1 Bxe3 39. Rxe3 Rxc2+ 40. Kd1 Rxa2 41. Rxe7 Bc2+ 42. Kc1 Bxb3 43. Bxc6 Rc2+ 0-1

[Event "Late-Titled-Tuesday-Blitz-April-16-2024"]
[Site "Chess.com"]
[Date "2024.04.16"]
[Round "11"]
[White "Mikhail_Golubev"]
[Black "masterofpuppets2"]
[Result "1-0"]
[WhiteElo "2592"]
[BlackElo "2493"]
[TimeControl "180+1"]
[EndTime "16:06:05 PDT"]
[Termination "Mikhail_Golubev won on time"]

1. e4 e5 2. Nf3 Nc6 3. Nc3 Nf6 4. g3 d5 5. exd5 Nxd5 6. Bg2 Nxc3 7. bxc3 Bd6 8. O-O O-O 9. d3 h6 10. Rb1 Rb8 11. d4 Qf6 12. Be3 Rd8 13. Nd2 Bf5 14.
d5 Ne7 15. Bxa7 Ra8 16. Be3 Qg6 17. Rxb7 Rxa2 18. Nc4 Bxc2 19. Qe2 Rda8 20. Nxd6 Bd3 21. Qf3 Bxf1 22. Bxf1 Qxd6 23. c4 Ra1 24. Kg2 f5 25. Be2 g5 26. Qh5 f4 27. gxf4 gxf4 28. c5 Qg6+ 29.
Qxg6+ Nxg6 30. Bd2 e4 31. Bc4 Ne5 32. Bb3 f3+ 33.
Kh3 Rb1 34. d6+ Rxb3 35. Rxb3 cxd6 36. cxd6 Nd3 37. Be3 Rd8 38. Rb6 Kf7 39. Kg4 Ke6 40. Kh5 Rxd6 41. Rxd6+ Kxd6 42. Kxh6 Ke5 43. Kg5 Ne1 44. h4 Ng2 45. h5 Nxe3 46. h6 1-0

[Event "Late-Titled-Tuesday-Blitz-April-16-2024"]
[Site "Chess.com"]
[Date "2024.04.16"]
[Round "11"]
[White "DeArron_Fox"]
[Black "ExchangeAB"]
[Result "0-1"]
[WhiteElo "2548"]
[BlackElo "2407"]
[TimeControl "180+1"]
[EndTime "16:06:06 PDT"]
[Termination "ExchangeAB won on time"]

1. d4 g6 2. c4 Bg7 3. Nc3 d6 4. e4 Nf6 5. f3 O-O 6. Be3 c6 7.
Nge2 a6 8. a4 Qc7 9. Qd2 e5 10.
g4 Nbd7 11. h4 exd4 12. Nxd4 Ne5 13. Be2 c5 14. Nc2 Be6 15. b3 Rad8 16. h5 Rfe8 17.
Bh6 Bxg4 18. Bxg7 Kxg7 19. fxg4 Nexg4 20. Qf4 Ne5 21. O-O-O b5 22. cxb5 c4 23. b4 axb5 24.
hxg6 fxg6 25. Qh6+ Kg8 26. axb5 Qa7 27. Kb2 Ra8 28. Ra1 Qf2 29. Nd5 Ned7 30. Nxf6+ Qxf6+ 31. Kb1 Rxa1+ 32. Nxa1 Nf8 33. Bxc4+ Kh8 34. Nc2 Qg7 35. Qxg7+ Kxg7 36. Bd5 Rb8 37. Nd4 Nd7 38. Kb2 Nf6 39.
Kb3 h5 40. Ra1 h4 41. Ne6+ Kh6 42.
Nf4 g5 43. Ne6 g4 44. Rf1 Nd7 45. Nd4 Ne5 46. Nf5+ Kg5 47. Nxd6 h3 48. Rf5+ Kh4 49. Rxe5 h2 50. Re7 Rh8 51. e5 g3 52. b6 Kh3 0-1

[Event "Late-Titled-Tuesday-Blitz-April-16-2024"]
[Site "Chess.com"]
[Date "2024.04.16"]
[Round "11"]
[White "MikeSailer"]
[Black "TiagoMangialardo"]
[Result "1-0"]
[WhiteElo "2179"]
[BlackElo "2061"]
[TimeControl "180+1"]
[EndTime "16:06:07 PDT"]
[Termination "MikeSailer won on time"]

1. b4 e5 2. Bb2 e4 3. a3 Nf6 4. e3 d5 5. c4 c6 6. cxd5 cxd5 7. d3 Be7 8. dxe4 dxe4 9. Qxd8+ Bxd8 10. Bb5+ Bd7 11. Nc3 O-O 12. Nge2 Bc7 13. Bxd7 Nbxd7 14.
O-O-O Rac8 15. Kb1 Be5 16. Nd5 Rfe8 17. Nxf6+ Nxf6 18. Bxe5 Rxe5 19. Rd6 a5 20. Rhd1 h6 21. Rd8+ Rxd8 22. Rxd8+ Kh7 23. Nd4 axb4 24. axb4 Re7 25. Kb2 Ng4 26. Nf5 Re5 27. Nd6 Nxf2 28. Nxf7 Rb5 29. Kb3 Ng4 30. Nd6 Re5 31. Rd7 Nxe3 32. Rxb7 Nxg2 33. Nc4 Re6 34. b5 e3 35. Nxe3 Nxe3 36.
Rc7 Nd5 37. Ra7 Rb6 38. Kc4 Nf6 39. Kc5 Rb8 40. Kc6 Kg6 41. b6 Ne8 42. Rb7 1-0

[Event "Late-Titled-Tuesday-Blitz-April-16-2024"]
[Site "Chess.com"]
[Date "2024.04.16"]
[Round "11"]
[White "SergioMoralesG"]
[Black "Fjal"]
[Result "0-1"]
[WhiteElo "2430"]
[BlackElo "2340"]
[TimeControl "180+1"]
[EndTime "16:06:08 PDT"]
[Termination "Fjal won by checkmate"]

1. d4 d6 2. Nf3 Bg4 3. e3 Nd7 4. c4 e5 5. Be2 e4 6. Nfd2 Bxe2 7. Qxe2 f5 8. O-O Ngf6 9. f3 Qe7 10. Nc3 exf3 11.
Qxf3 O-O-O 12. b4 g6 13. c5 dxc5 14. bxc5 Bh6 15. Nc4 Ng4 16. c6 bxc6 17. Qxc6 Nb8 18. Qf3 Qb4 19. Rb1 Qxc4 20. Bd2 Bxe3+ 21. Bxe3 Qxc3 22.
Qb7+ Kd7 23. Bg5 Qxd4+ 24. Kh1 Ke6 25. Rbe1+ Kf7 26. Re7+ Kf8 27. Re2 Nf2+ 28. Rexf2 Qxf2 29. Qb4+ c5 30. Qb5 Qd4 31. Bxd8 Qxd8 32. Qxc5+ Kg7 33.
Qc3+ Qf6 34. Qc7+ Qf7 35. Qc3+ Kh6 36. Qd2+ g5 37. Qd6+ Qg6 38. Qc7 Re8 39. h3 f4 40.
Rd1 Nc6 41. Rd6 Re6 42. Rd5 Ne7 43. Rc5 Nf5 44. Kh2 Ng3 45. Qd7 Re1 46. Rc6 Rh1# 0-1

[Event "Late-Titled-Tuesday-Blitz-April-16-2024"]
[Site "Chess.com"]
[Date "2024.04.16"]
[Round "11"]
[White "MrTattaglia"]
[Black "ameetghasi100"]
[Result "0-1"]
[WhiteElo "2949"]
[BlackElo "2809"]
[TimeControl "180+1"]
[EndTime "16:06:09 PDT"]
[Termination "ameetghasi100 won on time"]

1. f4 g6 2. Nf3 Bg7 3. h4 Nf6 4. h5 Nxh5 5. Rxh5 gxh5 6. e3 d6 7. Bc4 Bg4 8. d4 e6 9. Nc3 Nd7 10. Qe2 c6 11. Bd2 a6 12. O-O-O d5 13. Bb3 f5 14.
Be1 b5 15. e4 fxe4 16. Nxe4 dxe4 17. Qxe4 Bf5 18. Qe3 Nb6 19. Bh4 Nd5 20. Qe2 Qd6 21. Ne5 Bg4 22. Nxg4 Qxf4+ 23. Kb1 Qxg4 24. Qe1 O-O 25. Bg3 a5 26. c4 bxc4 27. Bxc4 a4 28. a3 Ra7 29. Bd6 Rff7 30. Rd3 Qf5 31. Ka2 Rad7 32. Rf3 Qc2 33. Bd3 Qb3+ 34. Ka1 Rb7 35. Bxh7+ Kxh7 36. Rxb3 axb3 37. Qe4+ Kh8 38. Qb1 Rf2 39.
Bg3 Rxg2 40. Qh1 Rxg3 41. Qxh5+ Kg8 42. Qe8+ Bf8 43. Qxe6+ Rf7 44. Qe1 Rfg7 45. Qe6+ Rf7 46. Qe1 Rg6 47. Qd1 Rb7 0-1

[Event "Late-Titled-Tuesday-Blitz-April-16-2024"]
[Site "Chess.com"]
[Date "2024.04.16"]
[Round "11"]
[White "diokletian"]
[Black "BardArtem"]
[Result "0-1"]
[WhiteElo "2678"]
[BlackElo "2829"]
[TimeControl "180+1"]
[EndTime "16:06:09 PDT"]
[Termination "BardArtem won by checkmate"]

1. d4 d5 2. c4 e6 3. Nf3 h6 4. Qc2 Nf6 5. g3 Bd6 6. Bg2 O-O 7. O-O Nc6 8. a3 Re8 9. b4 dxc4 10. Qxc4 e5 11. Rd1 e4 12. Ne1 a6 13. Qc2 Bf5 14.
Nc3 Qd7 15. Be3 h5 16. Qd2 h4 17. Nc2 Bh3 18. Bg5 Bxg2 19. Kxg2 h3+ 20. Kg1 Qf5 21.
Bxf6 Qxf6 22. Ne3 Rad8 23. b5 Nxd4 24. Qxd4 Be5 25. Nxe4 Bxd4 26. Nxf6+ Bxf6 27. Rxd8 Rxd8 28. Rc1 axb5 29. Rxc7 Rd2 30. Rxb7 Rb2 31. Nf1 Bd4 32. e3 Bc5 33. a4 b4 34. a5 Ra2 35. Rb5 Bf8 36. g4 g6 37. e4 Kg7 38. g5 Bd6 39. Ne3 Ra1+ 40. Nf1 Kf8 41. f3 Bf4 42. Rxb4 Be3+ 43.
Kh1 Rxf1# 0-1

[Event "Late-Titled-Tuesday-Blitz-April-16-2024"]
[Site "Chess.com"]
[Date "2024.04.16"]
[Round "11"]
[White "Gabrielian_Artur"]
[Black "ural58"]
[Result "1/2-1/2"]
[WhiteElo "2800"]
[BlackElo "2554"]
[TimeControl "180+1"]
[EndTime "16:06:14 PDT"]
[Termination "Game drawn - insufficient material"]

1. e4 e5 2. Nf3 Nc6 3. Bc4 Nf6 4. d3 h6 5. O-O d6 6. c3 g5 7. d4 exd4 8. cxd4 Bg7 9. Nc3 O-O 10. h4 g4 11. Nh2 Re8 12. Re1 Ne7 13. Qb3 d5 14.
exd5 Nf5 15. Rxe8+ Qxe8 16. Qd1 g3 17. fxg3 Ne4 18.
Nxe4 Qxe4 19. Nf3 Nxd4 20. Bd3 Qxd5 21. Bf4 Bg4 22. Rc1 c6 23. Bc4 Nxf3+ 24. gxf3 Qxf3 25.
Qxf3 Bxf3 26. Re1 Bxb2 27. Re7 Bd5 28. Bxd5 cxd5 29. Rxb7 Bd4+ 30. Kf1 Bb6 31. Rd7 Rd8 32. Rb7 h5 33. Ke2 d4 34. Kd3 Kg7 35. a4 Kg6 36. a5 Bxa5 37. Rxa7 Bc3 38. Ra6+ f6 39. Bg5 Rf8 40.
Bf4 Kf5 41. Ra5+ Kg4 42. Ra7 Rg8 43. Rf7 f5 44. Be5 Be1 45. Kxd4 Bxg3 46. Bxg3 Kxg3 47. Rxf5 Kxh4 48. Ke3 Rg3+ 49. Kf2 Rg5 50. Rxg5 Kxg5 51. Kg3 h4+ 52. Kh3 Kf6 53. Kh2 h3 54. Kxh3 1/2-1/2

[Event "Late-Titled-Tuesday-Blitz-April-16-2024"]
[Site "Chess.com"]
[Date "2024.04.16"]
[Round "11"]
[White "jbking07"]
[Black "Lupul_Cenusiu"]
[Result "1-0"]
[WhiteElo "2455"]
[BlackElo "2664"]
[TimeControl "180+1"]
[EndTime "16:06:18 PDT"]
[Termination "jbking07 won by resignation"]

1. e4 c6 2. d4 d5 3. Nd2 dxe4 4. Nxe4 Nf6 5. Ng3 h5 6. h4 Bg4 7. Nf3 e6 8. Be2 Bd6 9. Bg5 Bxg3 10. fxg3 Nbd7 11. Qd3 Qa5+ 12. Bd2 Qb6 13. O-O O-O 14. c3 e5 15. Qe3 exd4 16. Qxd4 Qxd4+ 17. Nxd4 Bxe2 18. Nxe2 Rfe8 19. Nd4 Ne5 20. Bg5 Nfg4 21. Rae1 Nd3 22. Rd1 Nc5 23. Nf5 f6 24. Bf4 Rad8 25. Rxd8 Rxd8 26. b4 Ne4 27. c4 g6 28. Ne3 Nxe3 29. Bxe3 Kg7 30. Bxa7 Nxg3 31. Re1 Nf5 32. Re2 Rd1+ 33. Kh2 Nxh4 34. Re7+ Kh6 35. Be3+ g5 36.
Rxb7 Re1 37. Bf2 Re2 38. Bxh4 g4 39. Rf7 g3+ 40. Kh3 Rxa2 41. Rxf6+ Kg7 42. Rxc6 Rb2 43. b5 Rb3 44. b6 Kf7 45. Rc7+ Ke6 46. b7 Kf5 47. c5 Kf4 48. c6 Rb1 49. Rf7+ Ke3 50. Bxg3 Rh1+ 51. Bh2 Rc1 52. b8=Q Rc3 53. Qf4+ Ke2+ 54.
Bg3 h4 55. Qf2+ Kd1 56. Qe1+ Kc2 57. Rf2+ Kb3 58. Qxc3+ Kxc3 59. Rf3+ 1-0